 Dungeon Crawl Stone Soup version 0.19.1 (webtiles) character file.

416134 MirrMurr the Shatterer (level 23, -9/160 HPs)
             Began as a Gargoyle Berserker on Dec 11, 2016.
             Was a High Priest of Trog.
             Killed from afar by a frost giant (21 damage)
             ... with a bolt of cold
             ... on level 5 of the Vaults on Dec 13, 2016.
             The game lasted 03:11:37 (46443 turns).

MirrMurr the Shatterer (Gargoyle Berserker)        Turns: 46443, Time: 03:11:38

Health: -9/160     AC: 63    Str: 20    XL:     23   Next: 26%
Magic:  27/27      EV: 14    Int:  7    God:    Trog [*****.]
Gold:   3210       SH: 32    Dex: 18    Spells: 0 memorised, 22 levels left

rFire  + . .     SeeInvis +     a - +11 demon whip of Wergh {venom, *Drain +Rage Str-5 Int+7}
rCold  . . .     Gourm    .     y - +9 plate armour "Palot" {rF+ rCorr Int-2}
rNeg   + + .     Faith    .     c - +6 large shield of Ignorance {rN+ AC+4 Int-6 *Curse} (curse)
rPois  ∞         Spirit   .     b - +2 helmet of the Bouncing Dances {SInv}
rElec  +         Reflect  +     N - +2 cloak {MR+}
rCorr  +         Harm     .     x - +3 pair of gauntlets of War {Slay+5}
MR     ++++.                    f - +2 pair of boots {run}
Stlth  ..........               j - +3 amulet of reflection
                                U - +3 ring of dexterity
                                z - +4 ring of evasion

@: flying, very slightly contaminated, regenerating, quick
A: big wings, negative energy resistance 1, electricity resistance, unbreathing,
petrification resistance, rot immunity, AC +17
a: Stop Flying, Berserk, Trog's Hand, Brothers in Arms, Burn Spellbooks,
Renounce Religion, Evoke Berserk Rage
}: 3/15 runes: barnacled, silver, gossamer


You were on level 5 of the Vaults.
You worshipped Trog.
Trog was extremely pleased with you.
You were not hungry.

You visited 8 branches of the dungeon, and saw 40 of its levels.
You visited the Abyss 1 time.
You also visited: Ice Cave.

You collected 5182 gold pieces.
You spent 1972 gold pieces at shops.

Inventory:

Hand Weapons
 a - the +11 demon whip of Wergh (weapon) {venom, *Drain +Rage Str-5 Int+7}
   (Trog gifted it to you on level 3 of the Elven Halls)

   It poisons the flesh of those it strikes.
   It affects your strength (-5).
   It affects your intelligence (+7).
   It lets you go berserk.
   It causes draining when unequipped.
Missiles
 g - 1490 stones
 u - 20 javelins of penetration (quivered)
 R - 9 throwing nets
 V - 12 javelins of returning
Armour
 b - the +2 helmet of the Bouncing Dances (worn) {SInv}
   (You found it on level 3 of the Elven Halls)

   It lets you see invisible.
 c - the cursed +6 large shield of Ignorance (worn) {rN+ AC+4 Int-6 *Curse}
   (You found it on level 5 of the Lair of Beasts)

   It affects your AC (+4).
   It affects your intelligence (-6).
   It protects you from negative energy.
   It may re-curse itself when equipped.
   It has a curse placed upon it.
 f - a +2 pair of boots of running (worn)
 x - the +3 pair of gauntlets of War (worn) {Slay+5}
   (You found it on level 4 of the Lair of Beasts)

   It affects your accuracy and damage with ranged weapons and melee attacks
   (+5).
 y - the +9 plate armour "Palot" (worn) {rF+ rCorr Int-2}
   (You took it off a deep elf blademaster on level 3 of the Elven Halls)

   It affects your intelligence (-2).
   It protects you from fire.
   It protects you from acid and corrosion.
 N - a +2 cloak of magic resistance (worn)
Jewellery
 j - a +3 amulet of reflection (around neck)
 z - a +4 ring of evasion (left hand)
 U - a +3 ring of dexterity (right hand)
Wands
 d - a wand of lightning (7/15)
 e - a wand of disintegration (12/24)
 P - a wand of flame (30/48)
 W - a wand of iceblast (7/15)
 X - a wand of lightning (9/15)
Scrolls
 i - 7 scrolls of identify
 l - 6 scrolls of enchant armour
 p - a scroll of acquirement {unknown}
 r - 17 scrolls of remove curse
 A - 6 scrolls of enchant weapon
 C - 9 scrolls of magic mapping
 E - 5 scrolls of teleportation
 G - a scroll of blinking
 M - 7 scrolls of fog
 O - 6 scrolls of recharging
 Y - a scroll of fear
Potions
 h - 10 potions of brilliance
 m - 3 potions of resistance
 n - 4 potions of cancellation
 o - 4 potions of berserk rage
 q - 6 potions of ambrosia
 t - 5 potions of might
 v - 3 potions of haste
 B - 5 potions of agility
 I - 10 potions of curing
 J - 2 potions of cure mutation
 S - 4 potions of invisibility
Comestibles
 k - 16 beef jerkies
 s - a royal jelly
 K - 13 meat rations
 Q - 16 bread rations
 T - 18 fruits


   Skills:
 - Level 21.4 Fighting
 - Level 21.9 Maces & Flails
 + Level 2.3 Throwing
 + Level 16.3 Armour
 + Level 6.0 Dodging
 * Level 20.5 Shields
 + Level 5.8 Evocations


You had 22 spell levels left.
You didn't know any spells.

Dungeon Overview and Level Annotations

Branches:
Dungeon (15/15)            Temple (1/1) D:6            Lair (6/6) D:9
 Shoals (4/4) Lair:2       Spider (4/4) Lair:2        Slime (0/5) Lair:5
    Orc (2/2) D:11            Elf (3/3) Orc:2        Vaults (5/5) D:13
  Crypt (0/3) Vaults:3     Depths (0/5) D:15

Altars:
Cheibriados
Dithmenos
Elyvilon
Gozag
Nemelex Xobeh
Okawaru
Ru
Sif Muna
Trog
Uskayaw
Xom
Yredelemnul
Zin
The Shining One
Jiyva

Shops:
D:7 [   D:13 =   D:14 }   D:15 ??*   Orc:1 }   Orc:2 *(?!   Elf:1 *   Elf:3 }
Vaults:1 !   Vaults:2 :*[[

Annotations:
D:10 come back
Vaults:5 ZlagarX's ghost, veteran DsIE


Innate Abilities, Weirdness & Mutations

You are resistant to torment.
Your stone body is resilient. (AC +17)
You are immune to poison.
Your large and strong wings let you fly indefinitely.
You resist negative energy. (rN+)
You are resistant to electric shocks. (rElec)
You can survive without breathing.
You are immune to petrification.
You are immune to rotting.


Message History

The phantasmal warrior is almost destroyed.
You block the sphinx zombie's attack.
The sphinx zombie hits you but does no damage. x2
Unknown command.
Unknown command.
You thrash the phantasmal warrior!!
You destroy the phantasmal warrior!
Trog accepts your kill.
Your life force feels restored.
You block the vault guard's attack. The frost giant zombie hits you!
* * * LOW HITPOINT WARNING * * *
Unknown command.
You thrash the sphinx zombie!!
The sphinx zombie is moderately damaged.
You block the sphinx zombie's attack. x2
The sphinx zombie hits you but does no damage.
The frost giant gestures at you while chanting.
The bolt of cold hits the sphinx zombie.
The sphinx zombie resists.
The bolt of cold hits you!
You die...

.*.,,,,*p....,,,,......#..#
..,,,,,,*.....,,...#......#
*,,,,,,,,...........#.....#
.*,,,,,,,p.D...........#..#
.,*,,,,,,..............#..#
.,,*,,*,,......#..........#
.,,,*,,*,....Zpe#......#..#
.,,,,,,,,.....CZZ.........#
.*****##########@.##.#....#
.,,,,,.........)..........#
.,,,,,.........)..........#
#*****#####################


You could see a shadow dragon, a frost giant, a vault guard, a vault sentinel, a
deep elf high priest, a sphinx zombie, a frost giant zombie and a stone giant
skeleton.

Vanquished Creatures
  Boris (Vaults:5)
  Nikola (Shoals:1)
  2 golden dragons (Vaults:5)
  Arachne (Spider:4)
  The ghost of ohados the Minotaur Blade, an adept MiBe of Trog (Vaults:2)
  Jorgrun (Spider:3)
  2 tentacled monstrosities (Vaults:5)
  5 deep elf blademasters
  2 deep elf master archers (Elf:3)
  Frances (D:12)
  3 sphinxes
  Roxanne (Spider:3)
  A storm dragon (Vaults:5)
  2 shadow dragons (Vaults:5)
  4 tengu reavers (Vaults:5)
  Ilsuiw (Shoals:4)
  3 fire giants
  9 deep elf sorcerers
  An emperor scorpion (shapeshifter) (Vaults:5)
  Aizul (Shoals:4)
  9 vault wardens
  2 ghost moths (Spider:4)
  3 emperor scorpions
  4 deep elf elementalists (Elf:3)
  3 frost giants (Vaults:5)
  2 iron dragons (Vaults:5)
  Louise (Elf:3)
  16 ironheart preservers
  11 stone giants
  A war gargoyle (Vaults:5)
  5 entropy weavers
  9 deep elf demonologists
  2 large abominations
  2 deep elf annihilators
  2 spark wasps (Spider:4)
  5 ettins
  8 merfolk javelineers
  3 deep elf death magi (Elf:3)
  A minotaur (Shoals:4)
  Snorg (Lair:5)
  A fire dragon (Lair:6)
  5 deep elf high priests
  6 merfolk impalers
  A crystal guardian (Vaults:4)
  A great orb of eyes (shapeshifter) (Elf:2)
  7 yaktaur captains
  3 great orbs of eyes
  Erolcha (Orc:1)
  Fannar (Orc:1)
  5 ice dragons
  2 rakshasas
  2 merfolk avatars
  Erica (Lair:1)
  27 vault guards
  8 hydras
  6 centaur warriors
  A catoblepas (D:15)
  An alligator snapping turtle (Shoals:4)
  11 ogre magi
  5 merfolk aquamancers (Shoals:4)
  A tengu warrior (D:15)
  A deep troll shaman (Vaults:3)
  22 dancing weapons
  5 deep troll earth magi
  3 satyrs
  Urug (D:12)
  The ghost of sheala the Thaumaturge, a journeyman DEEn of Sif Muna (D:10)
  31 deep elf knights
  2 wretched stars (Abyss:2)
  Sonja (D:10)
  2 shadow wraiths
  10 skeletal warriors
  13 sea snakes
  Nergalle (Lair:4)
  12 deep trolls
  3 unseen horrors
  2 fire crabs (shapeshifter)
  4 small abominations
  A flayed ghost (Vaults:3)
  A swamp dragon (shapeshifter) (D:14)
  A hill giant (shapeshifter) (Vaults:5)
  7 ironbrand convokers
  3 wizards
  10 deep elf archers
  15 orc knights
  5 hill giants
  A lindwurm (Lair:6)
  2 phantasmal warriors (Vaults:5)
  3 necromancers
  14 orb spiders
  4 orc sorcerers
  18 harpies
  32 wolf spiders
  9 ugly things
  13 manticores
  11 cyclopes
  3 tengu skeletons (Vaults:3)
  A sphinx skeleton (Vaults:3)
  54 deep elf magi
  18 fauns
  3 moths of wrath
  A worldbinder (Abyss:2)
  10 sirens
  5 centaur zombies
  10 vault sentinels
  3 stone giant skeletons (Vaults:3)
  3 elephants (Shoals:4)
  A fire giant skeleton (Vaults:3)
  3 ice statues (IceCv)
  6 black mambas
  Joseph (Lair:1)
  3 molten gargoyles (Lair:6)
  A smoke demon (Abyss:2)
  3 gargoyles
  2 water nymphs
  A black mamba (shapeshifter) (Vaults:3)
  3 torpor snails
  7 spiny frogs
  2 rime drakes
  13 komodo dragons
  An efreet (Abyss:2)
  14 demonic crawlers
  A kobold demonologist (D:15)
  5 freezing wraiths
  An ancient zyme (Abyss:2)
  A human zombie (Vaults:3)
  11 ice devils (IceCv)
  A hellwing (Abyss:2)
  26 yaktaurs
  2 tengu conjurers
  3 wind drakes (Shoals:4)
  25 jumping spiders
  11 trolls
  24 merfolk
  3 meliai (Shoals:4)
  2 slime creatures (shapeshifter) (Vaults:4)
  12 hornets
  A queen bee (shapeshifter) (Vaults:5)
  A blink frog (shapeshifter) (D:14)
  10 slime creatures
  9 hippogriffs
  A raiju (shapeshifter) (Vaults:3)
  24 two-headed ogres
  10 blink frogs
  A dream sheep (shapeshifter) (Vaults:2)
  8 dream sheep
  13 snapping turtles
  33 yaks
  An air elemental (Elf:1)
  2 humans (D:13)
  98 redbacks
  2 shadows (D:15)
  31 tarantellas
  2 ettin skeletons (Vaults:3)
  10 water elementals
  6 wyverns
  A basilisk (shapeshifter) (Vaults:2)
  5 fire elementals
  5 basilisks
  A fire bat (Abyss:2)
  5 hungry ghosts
  3 steam dragons
  A hog (Shoals:1)
  A golden eye (shapeshifter) (Vaults:3)
  3 wargs
  2 mottled dragons
  5 hell hounds (Lair:6)
  A soldier ant (D:13)
  14 water moccasins
  A water moccasin (shapeshifter) (Vaults:5)
  6 porcupines
  8 ice beasts (Orc:1)
  50 orc warriors
  6 sky beasts
  2 black bears
  4 eyes of draining
  3 phantoms
  45 ogres
  2 necrophages
  5 wolves (Lair:4)
  4 human skeletons (Vaults:3)
  20 centaurs
  10 crocodiles
  An elf skeleton (Vaults:3)
  5 big kobolds
  2 earth elementals
  19 bullfrogs
  2 scorpions
  2 wyvern skeletons
  A troll zombie (D:11)
  9 wights
  7 electric eels
  3 howler monkeys
  4 crimson imps
  3 draconian simulacra (IceCv)
  5 lava snakes (Lair:6)
  A bullfrog zombie (D:10)
  5 jellies
  7 hounds
  4 bullfrog skeletons
  15 orc priests
  Crazy Yiuf (D:7)
  25 orc wizards
  Jessica (D:2)
  9 centaur skeletons
  3 iguanas
  13 worker ants
  Ijyb (D:2)
  5 ogre zombies (D:11)
  2 centaur simulacra (IceCv)
  A hound zombie (D:7)
  A hound skeleton (D:7)
  A howler monkey zombie (D:6)
  Robin (D:2)
  A worker ant zombie (D:8)
  15 adders
  13 gnolls
  3 naga simulacra (IceCv)
  2 ogre simulacra (IceCv)
  A river rat (D:8)
  4 shadow imps
  A white imp (Abyss:2)
  An ooze (D:2)
  2 adder zombies
  4 worms
  A dart slug (D:1)
  6 leopard geckos
  96 orcs
  24 bats
  9 giant cockroaches
  9 goblins
  7 hobgoblins
  9 jackals
  4 quokkas
  2 ball pythons
  5 frilled lizards
  5 goblin zombies (D:11)
  A hobgoblin zombie (D:11)
  27 kobolds
  A leopard gecko skeleton (D:4)
  2 orc skeletons (D:11)
  11 orc zombies (D:11)
  3 quokka skeletons
  A quokka zombie (D:8)
  21 rats
  A crawling corpse (Elf:3)
  2 plants (D:8)
1722 creatures vanquished.

Vanquished Creatures (collateral kills)
  A quicksilver dragon (Vaults:5)
  An emperor scorpion (Spider:4)
  A spark wasp (Spider:4)
  A merfolk impaler (Shoals:4)
  A merfolk avatar (Shoals:4)
  2 merfolk aquamancers (Shoals:4)
  3 sea snakes (Shoals:4)
  A moth of wrath (Spider:4)
  A manticore (Shoals:4)
  2 sirens (Shoals:4)
  A komodo dragon (Lair:6)
  6 merfolk (Shoals:4)
  A wind drake (Shoals:4)
  2 hornets (Spider:4)
  3 plants (Shoals:4)
27 creatures vanquished.

Vanquished Creatures (others)
  Kirke (Shoals:1)
  3 stone giants (Vaults:5)
  2 yaktaur captains (Vaults:5)
  A necromancer (Vaults:5)
  5 deep elf magi
  A manticore (D:14)
  3 yaktaurs (Vaults:5)
  A redback (Spider:3)
  2 humans (Shoals:1)
  A water moccasin (Lair:1)
  A phantom (D:9)
  An adder (D:6)
  A leopard gecko (D:6)
  An orc (Orc:2)
  8 fungi
  A lurking horror (Abyss:2)
  6 pillars of salt (Elf:2)
  29 plants
68 creatures vanquished.

Grand Total: 1817 creatures vanquished

Notes
Turn   | Place    | Note
-------+----------+-------------------------------------------
     0 | D:1      | MirrMurr the Gargoyle Berserker began the quest for the Orb.
     0 | D:1      | Reached XP level 1. HP: 14/14 MP: 1/1
   113 | D:1      | Reached XP level 2. HP: 10/19 MP: 2/2
   682 | D:1      | Reached XP level 3. HP: 23/23 MP: 3/3
  1015 | D:1      | Reached ** piety under Trog
  1119 | D:2      | Found a faded altar of an unknown god.
  1141 | D:2      | Noticed Ijyb
  1175 | D:2      | Killed Ijyb
  1175 | D:2      | Reached XP level 4. HP: 18/29 MP: 4/4
  2031 | D:2      | Reached XP level 5. HP: 33/33 MP: 5/5
  2086 | D:2      | Noticed Jessica
  2110 | D:2      | Killed Jessica
  2458 | D:2      | Noticed Robin
  2481 | D:2      | Killed Robin
  2481 | D:2      | Reached skill level 5 in Maces & Flails
  2974 | D:3      | Reached *** piety under Trog
  3572 | D:4      | Reached XP level 6. HP: 35/39 MP: 6/6
  3996 | D:4      | Found a white marble altar of Elyvilon.
  4044 | D:4      | Found an opulent altar of Gozag.
  4045 | D:4      | Found a glowing silver altar of Zin.
  4098 | D:4      | Found a basalt altar of Yredelemnul.
  4131 | D:5      | Entered Level 5 of the Dungeon
  4194 | D:5      | Noticed a necrophage
  4381 | D:4      | Reached XP level 7. HP: 35/44 MP: 7/7
  4588 | D:5      | Reached skill level 5 in Fighting
  5094 | D:5      | Reached XP level 8. HP: 30/49 MP: 8/8
  5198 | D:5      | Found a snail-covered altar of Cheibriados.
  5293 | D:5      | You fall through a shaft for 3 floors!
  5429 | D:8      | Noticed a wyvern
  5443 | D:8      | Killed a wyvern
  5443 | D:8      | Reached skill level 5 in Armour
  5945 | D:7      | Reached **** piety under Trog
  6032 | D:7      | Found Dimpoll's Armour Emporium.
  6037 | D:7      | Bought a +2 helmet of see invisible for 236 gold pieces
  6084 | D:7      | Found a sacrificial altar of Ru.
  6087 | D:7      | Found a bloodstained altar of Trog.
  6109 | D:7      | Found a shimmering altar of Xom.
  6109 | D:7      | Found a glowing golden altar of the Shining One.
  6109 | D:7      | Found an iron altar of Okawaru.
  6127 | D:7      | Found a sparkling altar of Nemelex Xobeh.
  6198 | D:6      | Found a shimmering altar of Xom.
  6541 | D:5      | Reached XP level 9. HP: 55/55 MP: 9/9
  6937 | D:6      | Found a staircase to the Ecumenical Temple.
  7001 | Temple   | Entered the Ecumenical Temple
  7933 | D:7      | Reached skill level 1 in Shields
  8109 | D:7      | Found a runed door.
  8113 | D:7      | Noticed Crazy Yiuf
  8119 | D:7      | Killed Crazy Yiuf
  8394 | D:8      | Found a snail-covered altar of Cheibriados.
  8475 | D:8      | Noticed a troll
  8488 | D:8      | Killed a troll
  8488 | D:8      | Reached skill level 10 in Maces & Flails
  8864 | D:8      | Reached XP level 10. HP: 61/61 MP: 10/10
  9436 | D:9      | Got a crude mace
  9771 | D:9      | Reached ***** piety under Trog
  9835 | D:9      | Identified the +4 mace "Quseucla" {venom, rElec rPois} (You found it on level 9 of the Dungeon)
 10196 | D:9      | Found a staircase to the Lair.
 10393 | Lair:1   | Entered Level 1 of the Lair of Beasts
 10567 | Lair:1   | Noticed Joseph
 10608 | Lair:1   | Killed Joseph
 10654 | Lair:1   | Noticed Erica
 10695 | Lair:1   | Killed Erica
 10695 | Lair:1   | Reached XP level 11. HP: 47/68 MP: 11/11
 11242 | Lair:2   | Found a hole to the Spider Nest.
 11295 | Lair:2   | Reached skill level 5 in Shields
 11482 | Lair:2   | Found a staircase to the Shoals.
 11574 | Lair:2   | Noticed a five-headed hydra
 11596 | Lair:2   | Killed a five-headed hydra
 11596 | Lair:2   | Reached skill level 10 in Armour
 12013 | Lair:2   | Noticed a six-headed hydra
 12025 | Lair:2   | Killed a six-headed hydra
 13118 | Lair:4   | Reached XP level 12. HP: 76/76 MP: 12/12
 13386 | Lair:4   | Noticed Nergalle
 13408 | Lair:4   | Killed Nergalle
 14241 | Lair:5   | Found a viscous altar of Jiyva.
 14242 | Lair:5   | Found a staircase to the Slime Pits.
 14299 | Lair:5   | Noticed Snorg
 14307 | Lair:5   | Killed Snorg
 14307 | Lair:5   | Reached skill level 10 in Fighting
 14881 | Lair:6   | Entered Level 6 of the Lair of Beasts
 14891 | Lair:6   | Noticed a seven-headed hydra
 14933 | Lair:6   | Killed a seven-headed hydra
 15131 | Lair:6   | Noticed a five-headed hydra
 15155 | Lair:6   | Killed a five-headed hydra
 15186 | Lair:6   | Reached XP level 13. HP: 42/83 MP: 13/13
 15225 | Lair:6   | Received a gift from Trog
 15652 | Lair:6   | Reached ****** piety under Trog
 15841 | Lair:6   | Found a large runed door.
 15842 | Lair:6   | Found a large runed door.
 15877 | Lair:6   | Noticed a fire dragon
 16187 | Lair:6   | Reached skill level 15 in Maces & Flails
 16555 | Lair:6   | Killed a fire dragon
 16769 | D:10     | Entered Level 10 of the Dungeon
 17095 | D:10     | Noticed sheala's ghost (journeyman DEEn)
 17130 | D:10     | Killed sheala's ghost
 17297 | D:10     | Found a shadowy altar of Dithmenos.
 17334 | D:10     | Gained mutation: Your large and strong wings let you fly indefinitely. [Gargoyle growth]
 17334 | D:10     | Reached XP level 14. HP: 90/90 MP: 14/14
 17389 | D:10     | Received a gift from Trog
 17406 | D:10     | Noticed Sonja
 17923 | D:10     | Killed Sonja
 18033 | D:11     | Found a staircase to the Orcish Mines.
 18709 | Orc:1    | Entered Level 1 of the Orcish Mines
 18709 | Orc:1    | Found a frozen archway.
 18709 | Orc:1    | Found Engul's Gadget Shoppe.
 18709 | Orc:1    | Noticed Fannar
 18717 | Orc:1    | Noticed Erolcha
 18761 | Orc:1    | Killed Erolcha
 18777 | Orc:1    | Killed Fannar
 18863 | IceCv    | Entered an ice cave
 19239 | IceCv    | Reached skill level 10 in Shields
 19764 | Orc:2    | Entered Level 2 of the Orcish Mines
 19766 | Orc:2    | Received a gift from Trog
 20436 | Orc:2    | Found Jegruhy's Magic Scroll Shoppe.
 20436 | Orc:2    | Found Kygg's Weapon Shop.
 20436 | Orc:2    | Found Riduas's General Store.
 20439 | Orc:2    | Found Ittur's Distillery.
 20446 | Orc:2    | Bought a +3 plate armour of cold resistance for 720 gold pieces
 20481 | Orc:2    | Found a staircase to the Elven Halls.
 20724 | Elf:1    | Entered Level 1 of the Elven Halls
 20754 | Elf:1    | Received a gift from Trog
 20973 | Shoals:1 | Entered Level 1 of the Shoals
 20973 | Shoals:1 | Noticed Nikola
 20999 | Shoals:1 | Killed Nikola
 21076 | Shoals:1 | Reached XP level 15. HP: 71/97 MP: 15/15
 21182 | Shoals:1 | Noticed Kirke
 21191 | Shoals:1 | Killed Kirke
 22470 | Shoals:2 | You are sucked into a shaft!
 22813 | Shoals:3 | Received a gift from Trog
 23299 | Shoals:4 | Entered Level 4 of the Shoals
 23518 | Shoals:4 | Reached skill level 1 in Evocations
 23518 | Shoals:4 | Reached XP level 16. HP: 105/105 MP: 16/16
 23599 | Shoals:4 | HP: 3/106 [meliai/divine providence (12)]
 23615 | Shoals:3 | Received a gift from Trog
 23934 | Shoals:4 | Got a barnacled rune of Zot
 24165 | Shoals:4 | Found a hide-covered altar of Uskayaw.
 24485 | Shoals:4 | Noticed Ilsuiw
 24587 | Shoals:4 | Killed Ilsuiw
 24587 | Shoals:4 | Reached skill level 1 in Throwing
 24823 | Shoals:4 | Received a gift from Trog
 25207 | Shoals:4 | Noticed Aizul
 25231 | Shoals:4 | Killed Aizul
 25590 | Shoals:2 | Reached skill level 5 in Evocations
 25590 | Shoals:2 | Reached XP level 17. HP: 112/112 MP: 20/20
 26146 | Spider:1 | Entered Level 1 of the Spider Nest
 26234 | Spider:1 | Reached skill level 15 in Fighting
 27032 | Spider:2 | Received a gift from Trog
 27421 | Spider:2 | Received a gift from Trog
 27968 | Spider:3 | Noticed Roxanne
 28447 | Spider:4 | Entered Level 4 of the Spider Nest
 28489 | Spider:3 | Killed Roxanne
 28556 | Spider:4 | Noticed Jorgrun
 28924 | Spider:3 | Killed Jorgrun
 28924 | Spider:3 | Received a gift from Trog
 29057 | Spider:4 | Reached XP level 18. HP: 120/120 MP: 7/22
 29625 | Spider:4 | Noticed Arachne
 29718 | Spider:4 | Killed Arachne
 30222 | Spider:4 | Got a gossamer rune of Zot
 30482 | Lair:6   | Received a gift from Trog
 31158 | D:12     | Noticed Urug
 31165 | D:12     | Killed Urug
 31221 | D:12     | Noticed Frances
 31234 | D:12     | Killed Frances
 31349 | D:13     | Found Juiczamn's Jewellery Emporium.
 32040 | D:13     | Found a gate to the Vaults.
 32406 | D:14     | Received a gift from Trog
 32646 | D:14     | Received a gift from Trog
 32711 | D:14     | Found Nypimnuj's Gadget Shop.
 32946 | D:15     | Entered Level 15 of the Dungeon
 33066 | D:15     | Found Heschazi's Magic Scroll Shop.
 33071 | D:15     | Found Punicant's Magic Scroll Boutique.
 33160 | D:15     | Found Guinui's Assorted Antiques.
 33226 | D:15     | Found a staircase to the Depths.
 33651 | D:15     | Found a runed door.
 33703 | D:15     | Found a deep blue altar of Sif Muna.
 33745 | D:15     | Reached XP level 19. HP: 127/127 MP: 7/23
 34005 | Vaults:1 | Entered Level 1 of the Vaults
 34175 | Vaults:1 | Reached skill level 15 in Armour
 34470 | Vaults:1 | Received a gift from Trog
 34576 | Vaults:1 | Reached skill level 15 in Shields
 34744 | Vaults:1 | Found Leczad's Distillery.
 35603 | Vaults:2 | Noticed ohados's ghost (adept MiBe)
 35639 | Vaults:2 | Killed ohados's ghost
 35892 | Vaults:2 | Received a gift from Trog
 35957 | Vaults:2 | Found Gealuff's Antique Armour Boutique.
 35974 | Vaults:2 | Bought a pair of runed boots for 378 gold pieces
 35976 | Vaults:2 | Identified a +0 pair of boots of running (You bought it in a shop on level 2 of the Vaults)
 35995 | Vaults:2 | Found Ilangaar's Antique Armour Boutique.
 36017 | Vaults:2 | Bought a glowing plate armour for 638 gold pieces
 36301 | Vaults:2 | Found Qiezast's Book Emporium.
 36597 | Vaults:1 | Reached XP level 20. HP: 113/136 MP: 8/24
 36836 | Vaults:2 | Found Juub's General Store.
 37049 | Vaults:3 | Received a gift from Trog
 37400 | Vaults:3 | Reached skill level 5 in Dodging
 37755 | Vaults:3 | Received a gift from Trog
 37779 | Vaults:3 | Found a staircase to the Crypt.
 38348 | Vaults:3 | Received a gift from Trog
 38547 | Vaults:4 | Received a gift from Trog
 39912 | Elf:1    | Reached XP level 21. HP: 144/144 MP: 8/25
 40046 | Elf:1    | Found Oguiczom's Assorted Antiques.
 40627 | Elf:2    | Found a ruined gateway.
 40666 | Elf:2    | Received a gift from Trog
 40885 | Elf:2    | Found a runed gate.
 40885 | Elf:2    | Found a runed gate.
 40885 | Elf:2    | Found a runed gate.
 41524 | Elf:2    | Received a gift from Trog
 41673 | Elf:3    | Entered Level 3 of the Elven Halls
 42074 | Elf:3    | Found Wuoshrer's Gadget Boutique.
 42353 | Elf:3    | Noticed Louise
 42385 | Elf:3    | Killed Louise
 42697 | Elf:3    | Received a gift from Trog
 42924 | Elf:3    | Reached XP level 22. HP: 133/155 MP: 8/26
 43374 | Elf:3    | Got a fine jade ring
 43375 | Elf:3    | Identified the ring "Vakasir" {Ice *Corrode *Slow Str+2 Int+9} (You took it off a deep elf death mage on level 3 of the Elven Halls)
 43497 | Elf:3    | Got a pitted brass ring
 43545 | Elf:3    | Received a gift from Trog
 43554 | Elf:3    | Identified the ring of Knowledge {Fire Dex+6} (You took it off a deep elf sorcerer on level 3 of the Elven Halls)
 43570 | Elf:3    | Got a slimy demon whip {god gift}
 43571 | Elf:3    | Identified the +11 demon whip of Wergh {venom, *Drain +Rage Str-5 Int+7} (Trog gifted it to you on level 3 of the Elven Halls)
 43589 | Elf:3    | Got a scorched helmet
 43590 | Elf:3    | Identified the +2 helmet of the Bouncing Dances {SInv} (You found it on level 3 of the Elven Halls)
 43645 | Elf:3    | Got a dazzling plate armour
 43646 | Elf:3    | Identified the +9 plate armour "Palot" {rF+ rCorr Int-2} (You took it off a deep elf blademaster on level 3 of the Elven Halls)
 44386 | Vaults:5 | Entered Level 5 of the Vaults
 44860 | Vaults:5 | Noticed a golden dragon
 44872 | Vaults:5 | Noticed a golden dragon
 44969 | Vaults:5 | Noticed a golden dragon
 45084 | Vaults:5 | Got a silver rune of Zot
 45228 | Vaults:5 | Noticed ZlagarX's ghost (veteran DsIE)
 45277 | Vaults:5 | Cast into level 2 of the Abyss (a deep elf sorcerer)
 45424 | Abyss:2  | Found a viscous altar of Jiyva.
 45607 | Vaults:5 | Escaped the Abyss
 45881 | Vaults:5 | Received a gift from Trog
 45922 | Vaults:5 | Noticed Boris
 45949 | Vaults:5 | Killed Boris
 46093 | Vaults:5 | Noticed a golden dragon
 46106 | Vaults:5 | Killed a golden dragon
 46114 | Vaults:5 | Reached XP level 23. HP: 44/160 MP: 27/27
 46221 | Vaults:5 | Killed a golden dragon
 46443 | Vaults:5 | Killed from afar by a frost giant

Skill      XL: |  1  2  3  4  5  6  7  8  9 10 11 12 13 14 15 16 17 18 19 20 21 22 23 |
---------------+----------------------------------------------------------------------+-----
Maces & Flails | 4 5 6 7 8 10 11 12 13 15 16 17 18 19 20 21 | 21.9
Dodging        | 2 3 4 5 6 |  6.0
Fighting       | 4 5 6 8 9 10 11 12 13 14 15 16 17 19 21 | 21.4
Armour         | 3 4 6 8 9 10 11 12 13 14 15 16 | 16.3
Shields        | 2 4 6 8 9 10 12 13 14 15 16 19 20 | 20.5
Evocations     | 1 5 |  5.8
Throwing       | 1 2 |  2.3

Action                   |  1- 3 |  4- 6 |  7- 9 | 10-12 | 13-15 | 16-18 | 19-21 | 22-24 || total
-------------------------+-------+-------+-------+-------+-------+-------+-------+-------++-------
Melee: Mace              |   112 |   308 |   212 |   617 |    30 |       |       |       ||  1279
       Whip              |       |       |   290 |   172 |       |       |       |       ||   462
       Morningstar       |       |       |       |       |  1648 |   979 |       |       ||  2627
       Eveningstar       |       |       |       |       |       |  1064 |  1157 |       ||  2221
       Demon whip        |       |       |       |       |       |       |   808 |   798 ||  1606
 Fire: Blowgun           |       |       |     2 |    23 |    13 |    19 |       |       ||    57
Throw: Stone             |     4 |     2 |       |       |       |       |       |       ||     6
       Tomahawk          |       |       |       |     4 |       |       |       |       ||     4
       Throwing net      |       |       |       |       |     1 |       |       |       ||     1
       Javelin           |       |       |       |       |       |    13 |     2 |       ||    15
Invok: Berserk           |     1 |       |     4 |     4 |     4 |     2 |     1 |       ||    16
       Trog's Hand       |     1 |       |     3 |     3 |    10 |     9 |     8 |    10 ||    44
       Burn Spellbooks   |       |       |       |     4 |       |     2 |     2 |     4 ||    12
       Brothers in Arms  |       |       |       |       |     2 |     5 |       |     3 ||    10
 Abil: Fly               |       |       |       |       |     1 |       |       |       ||     1
Evoke: Wand              |       |       |       |       |       |     6 |       |       ||     6
  Use: Scroll            |       |    11 |     7 |    13 |     4 |     4 |    14 |    19 ||    72
       Potion            |       |       |       |     1 |     2 |     6 |       |     3 ||    12
 Stab: Invisible         |       |       |       |     6 |       |       |       |       ||     6
  Eat: Chunk             |     1 |    12 |    15 |    23 |    34 |    38 |    29 |     2 ||   154
       Meat ration       |       |       |     1 |     1 |       |       |       |       ||     2
       Beef jerky        |       |       |       |       |     1 |       |       |       ||     1
       Pizza             |       |       |       |       |       |     2 |     2 |       ||     4
       Royal jelly       |       |       |       |       |       |     1 |       |       ||     1
       Bread ration      |       |       |       |       |       |       |     1 |     2 ||     3
       Fruit             |       |       |       |       |       |       |       |     4 ||     4
Armor: Animal skin       |    26 |       |       |       |       |       |       |       ||    26
       Leather armour    |    17 |       |       |       |       |       |       |       ||    17
       Ring mail         |    12 |       |       |       |       |       |       |       ||    12
       Chain mail        |       |   126 |       |       |       |       |       |       ||   126
       Plate armour      |       |   110 |   261 |   492 |   986 |  1577 |   893 |   267 ||  4586
       Skin              |       |       |       |     1 |       |       |       |       ||     1
Dodge: Dodged            |    81 |   157 |   112 |   410 |   895 |  1242 |   806 |   135 ||  3838
Block: Buckler           |       |       |    29 |   216 |   525 |   800 |   552 |    53 ||  2175
       Reflection        |       |       |       |       |       |       |     2 |    55 ||    57
       Large shield      |       |       |       |       |       |       |       |   664 ||   664
